TOP OF THE 1ST |
El Paso Sun Kings batting - Pitching for Round Rock Express : LHP Bill Krueger
|
Pitching: LHP Bill Krueger
|
|
Batting: LHB Kevin Knuth
|
0-0: Called Strike 0-1: Ball 1-1: Foul Ball, location: 2F 1-2: Foul Ball, location: 2F 1-2: Strikes out swinging
|
Batting: RHB Danny Ramires
|
0-0: Ball 1-0: Foul Ball, location: 2F 1-1: Ball 2-1: Foul Ball, location: 2F 2-2: Ground out U3 (Groundball, 34S, EV 91.3 MPH)
|
Batting: RHB Chuckie Canady
|
0-0: Ball 1-0: Fly out, F2 (Popup, 23F, EV 83.1 MPH)
|
Top of the 1st over - 0 runs, 0 hits, 0 errors, 0 left on base; El Paso 0 - Round Rock 0 |
BOTTOM OF THE 1ST |
Round Rock Express batting - Pitching for El Paso Sun Kings : RHP Grady Warren
|
Pitching: RHP Grady Warren
|
|
Batting: LHB Steve Lyons
|
0-0: Ball 1-0: Ball 2-0: Ball 3-0: Base on Balls
|
Batting: LHB Luis Armijo
|
0-0: Ball 1-0: Ball 2-0: Called Strike 2-1: Foul Ball, location: 2F 2-2: Fly out, F7 (Flyball, 78D, EV 98.1 MPH)
|
Batting: RHB Alejandro Sanchez
|
0-0: Called Strike Steve Lyons is caught stealing 2nd base 2-4 0-1: Swinging Strike 0-2: Fly out, F4 (Popup, 4M, EV 61.3 MPH)
|
Bottom of the 1st over - 0 runs, 0 hits, 0 errors, 0 left on base; El Paso 0 - Round Rock 0 |
TOP OF THE 2ND |
El Paso Sun Kings batting - Pitching for Round Rock Express : LHP Bill Krueger
|
Batting: RHB Jimmy Waugh
|
0-0: Fly out, F8 (Line Drive, 8RM, EV 89.4 MPH)
|
Batting: RHB Jon Hansen
|
0-0: Called Strike 0-1: SOLO HOME RUN (Flyball, 8LXD, EV 101.3 MPH), Distance : 438 ft
|
Batting: RHB Michael Hanson
|
0-0: Ball 1-0: Ball 2-0: Reached on error, E3 (Groundball, 3L, EV 88.1 MPH)
|
Batting: SHB Danny Torres
|
0-0: Called Strike Michael Hanson steals 2nd base 0-1: Foul Ball, location: 2F 0-2: Ball 1-2: Strikes out swinging
|
Batting: RHB Cecil Strawn
|
0-0: Called Strike 0-1: Ball 1-1: Ball 2-1: SINGLE (Groundball, 4M, EV 94.4 MPH) Michael Hanson to third Runner from 3rd tries for Home, SAFE, throw by CF to home Cecil Strawn to second
|
Batting: RHB Carlos Rios
|
0-0: Ground out 5-3 (Groundball, 5L, EV 80.0 MPH)
|
Top of the 2nd over - 2 runs, 2 hits, 1 error, 1 left on base; El Paso 2 - Round Rock 0 |
BOTTOM OF THE 2ND |
Round Rock Express batting - Pitching for El Paso Sun Kings : RHP Grady Warren
|
Batting: LHB Al Chambers
|
0-0: Ball 1-0: Foul Ball, location: 2F 1-1: Called Strike 1-2: Strikes out looking
|
Batting: LHB Dave Sanchez
|
0-0: Foul Ball, location: 2F 0-1: Foul Ball, location: 2F 0-2: Ball 1-2: Ball 2-2: Ball 3-2: Base on Balls
|
Batting: LHB James Jennings
|
0-0: Ball 1-0: Fly out, F3 (Popup, 34S, EV 73.1 MPH)
|
Batting: RHB Martyn Maxwell
|
0-0: Ball 1-0: Called Strike 1-1: Ball 2-1: Swinging Strike 2-2: Fly out, F5 (Line Drive, 5, EV 68.8 MPH)
|
Bottom of the 2nd over - 0 runs, 0 hits, 0 errors, 1 left on base; El Paso 2 - Round Rock 0 |
TOP OF THE 3RD |
El Paso Sun Kings batting - Pitching for Round Rock Express : LHP Bill Krueger
|
Batting: LHB Kevin Knuth
|
0-0: Ball 1-0: Called Strike 1-1: Ball 2-1: Ball 3-1: Ground out 6-3 (Groundball, 6, EV 91.9 MPH)
|
Batting: RHB Danny Ramires
|
0-0: SINGLE (Line Drive, 4D, EV 96.3 MPH)
|
Batting: RHB Chuckie Canady
|
0-0: Ball 1-0: Called Strike 1-1: Ball 2-1: Fly out, F9 (Flyball, 9LS, EV 93.8 MPH)
|
Batting: RHB Jimmy Waugh
|
0-0: Swinging Strike 0-1: Foul Ball, location: 2F 0-2: Strikes out swinging
|
Top of the 3rd over - 0 runs, 1 hit, 0 errors, 1 left on base; El Paso 2 - Round Rock 0 |
BOTTOM OF THE 3RD |
Round Rock Express batting - Pitching for El Paso Sun Kings : RHP Grady Warren
|
Batting: RHB Mike Sodders
|
0-0: Called Strike 0-1: Ball 1-1: DOUBLE (Line Drive, 7LS, EV 110.6 MPH)
|
Batting: RHB George Gross
|
0-0: Fly out, F8 (Flyball, 8RS, EV 92.5 MPH)
|
Batting: LHB Steve Lyons
|
0-0: Called Strike 0-1: Swinging Strike 0-2: Ball 1-2: Ground out 1-3 (Groundball, 13S, EV 66.9 MPH) Mike Sodders to third
|
Batting: LHB Luis Armijo
|
0-0: Ground out U3 (Groundball, 3, EV 79.4 MPH)
|
Bottom of the 3rd over - 0 runs, 1 hit, 0 errors, 1 left on base; El Paso 2 - Round Rock 0 |
TOP OF THE 4TH |
El Paso Sun Kings batting - Pitching for Round Rock Express : LHP Bill Krueger
|
Batting: RHB Jon Hansen
|
0-0: Called Strike 0-1: Ball 1-1: Fly out, F7 (Flyball, 7D, EV 96.9 MPH)
|
Batting: RHB Michael Hanson
|
0-0: Ball 1-0: Swinging Strike 1-1: Ball 2-1: DOUBLE (Flyball, 78D, EV 105.0 MPH)
|
Batting: SHB Danny Torres
|
0-0: Ball 1-0: Ground out 5-3 (Groundball, 56, EV 81.3 MPH)
|
Batting: RHB Cecil Strawn
|
0-0: Ball 1-0: Foul Ball, location: 2F 1-1: Ball 2-1: Fly out, F7 (Flyball, 7LS, EV 77.5 MPH)
|
Top of the 4th over - 0 runs, 1 hit, 0 errors, 1 left on base; El Paso 2 - Round Rock 0 |
BOTTOM OF THE 4TH |
Round Rock Express batting - Pitching for El Paso Sun Kings : RHP Grady Warren
|
Batting: RHB Alejandro Sanchez
|
0-0: Ball 1-0: Ground out 6-3 (Groundball, 6, EV 98.8 MPH)
|
Batting: LHB Al Chambers
|
0-0: Ball 1-0: Called Strike 1-1: Fly out, F8 (Flyball, 8LD, EV 96.9 MPH)
|
Batting: LHB Dave Sanchez
|
0-0: Ball 1-0: Ball 2-0: Foul Ball, location: 2F 2-1: Swinging Strike 2-2: Strikes out looking
|
Bottom of the 4th over - 0 runs, 0 hits, 0 errors, 0 left on base; El Paso 2 - Round Rock 0 |
TOP OF THE 5TH |
El Paso Sun Kings batting - Pitching for Round Rock Express : LHP Bill Krueger
|
Batting: RHB Carlos Rios
|
0-0: Ground out 6-3 (Groundball, 6, EV 104.4 MPH)
|
Batting: LHB Kevin Knuth
|
0-0: Ball 1-0: Foul Ball, location: 2F 1-1: Ground out 4-3 (Groundball, 4, EV 77.5 MPH)
|
Batting: RHB Danny Ramires
|
0-0: Fly out, F8 (Flyball, 89S, EV 93.8 MPH)
|
Top of the 5th over - 0 runs, 0 hits, 0 errors, 0 left on base; El Paso 2 - Round Rock 0 |
BOTTOM OF THE 5TH |
Round Rock Express batting - Pitching for El Paso Sun Kings : RHP Grady Warren
|
Batting: LHB James Jennings
|
0-0: Foul Ball, location: 2F 0-1: Ball 1-1: Ball 2-1: Called Strike 2-2: Ball 3-2: Foul Ball, location: 2F 3-2: Reached on error, E4 (Groundball, 4, EV 85.0 MPH)
|
Batting: RHB Martyn Maxwell
|
0-0: Called Strike 0-1: Ball 1-1: Fly out, F8 (Flyball, 78D, EV 92.5 MPH)
|
Batting: RHB Mike Sodders
|
0-0: Foul Ball, location: 2F 0-1: Ball 1-1: Fly out, F7 (Flyball, 7D, EV 86.3 MPH)
|
Batting: RHB George Gross
|
0-0: Called Strike 0-1: Ball 1-1: Fly out, F9 (Flyball, 9LM, EV 95.0 MPH)
|
Bottom of the 5th over - 0 runs, 0 hits, 1 error, 1 left on base; El Paso 2 - Round Rock 0 |
TOP OF THE 6TH |
El Paso Sun Kings batting - Pitching for Round Rock Express : LHP Bill Krueger
|
Batting: RHB Chuckie Canady
|
0-0: Ball 1-0: Called Strike 1-1: Ball 2-1: Foul Ball, location: 2F 2-2: Strikes out swinging
|
Batting: RHB Jimmy Waugh
|
0-0: Ball 1-0: DOUBLE (Flyball, 8RXD, EV 108.1 MPH)
|
Batting: RHB Jon Hansen
|
0-0: Ball 1-0: Fly out, F9 (Line Drive, 9, EV 93.8 MPH)
|
Batting: RHB Michael Hanson
|
0-0: Called Strike 0-1: Called Strike 0-2: DOUBLE (Flyball, 8RXD, EV 102.5 MPH) Jimmy Waugh scores
|
Batting: SHB Danny Torres
|
0-0: Foul Ball, location: 2F 0-1: Swinging Strike 0-2: Foul Ball, location: 2F 0-2: Ball 1-2: Foul Ball, location: 2F 1-2: Foul Ball, location: 2F 1-2: Strikes out swinging
|
Top of the 6th over - 1 run, 2 hits, 0 errors, 1 left on base; El Paso 3 - Round Rock 0 |
BOTTOM OF THE 6TH |
Round Rock Express batting - Pitching for El Paso Sun Kings : RHP Grady Warren
|
Batting: LHB Steve Lyons
|
0-0: Ball 1-0: Foul Ball, location: 2F 1-1: Called Strike 1-2: Ball 2-2: Ball 3-2: Reached on error, E6 (Groundball, 6, EV 101.3 MPH)
|
Batting: LHB Luis Armijo
|
0-0: Ball 1-0: SINGLE (Line Drive, 56D, EV 103.8 MPH) Steve Lyons to third Runner from 3rd tries for Home, SAFE, throw by LF to home Luis Armijo to second
|
Batting: RHB Alejandro Sanchez
|
0-0: Ball 1-0: Ball 2-0: Ball 3-0: Called Strike 3-1: Foul Ball, location: 2F 3-2: Single, Error in OF, E9, batter to second base (Line Drive, 9S, EV 93.1 MPH) Luis Armijo scores
|
Batting: LHB Al Chambers
|
0-0: Called Strike 0-1: Ball 1-1: Swinging Strike 1-2: Strikes out swinging
|
Batting: LHB Dave Sanchez
|
0-0: Called Strike 0-1: Swinging Strike 0-2: Ball 1-2: Ball 2-2: Ball 3-2: Strikes out swinging
|
Batting: LHB James Jennings
|
0-0: Ball 1-0: Foul Ball, location: 2F 1-1: Ball Wild Pitch! Alejandro Sanchez to third 2-1: Swinging Strike 2-2: Ball 3-2: Fly out, F8 (Flyball, 78D, EV 72.5 MPH)
|
Bottom of the 6th over - 2 runs, 2 hits, 2 errors, 1 left on base; El Paso 3 - Round Rock 2 |
TOP OF THE 7TH |
El Paso Sun Kings batting - Pitching for Round Rock Express : LHP Bill Krueger
|
Batting: RHB Cecil Strawn
|
0-0: Ball 1-0: Fly out, F9 (Flyball, 9D, EV 90.6 MPH)
|
Batting: RHB Carlos Rios
|
0-0: Called Strike 0-1: Called Strike 0-2: DOUBLE (Flyball, 89D, EV 91.3 MPH)
|
Batting: LHB Kevin Knuth
|
0-0: Ball 1-0: Ball 2-0: Swinging Strike 2-1: Foul Ball, location: 2F 2-2: Foul Ball, location: 2F 2-2: Strikes out looking
|
Batting: RHB Danny Ramires
|
0-0: Hit by Pitch
|
Batting: RHB Chuckie Canady
|
0-0: Ball 1-0: Ball 2-0: DOUBLE (Flyball, 89XD, EV 103.8 MPH) Carlos Rios scores Danny Ramires to third Runner from 3rd tries for Home, SAFE, no throw by CF
|
Pitching: RHP Richard Dotson
|
|
Batting: RHB Jimmy Waugh
|
0-0: Called Strike 0-1: Swinging Strike 0-2: Ball 1-2: Fly out, F7 (Flyball, 7S, EV 84.4 MPH)
|
Top of the 7th over - 2 runs, 2 hits, 0 errors, 1 left on base; El Paso 5 - Round Rock 2 |
BOTTOM OF THE 7TH |
Round Rock Express batting - Pitching for El Paso Sun Kings : RHP Grady Warren
|
Batting: RHB Martyn Maxwell
|
0-0: DOUBLE (Line Drive, 9LM, EV 103.1 MPH)
|
Batting: RHB Mike Sodders
|
0-0: Ball 1-0: Ball 2-0: Called Strike 2-1: Ground out 6-3 (Groundball, 56D, EV 100.0 MPH)
|
Batting: RHB George Gross
|
0-0: Ball 1-0: Foul Ball, location: 2F 1-1: Called Strike 1-2: Strikes out swinging
|
Batting: LHB Steve Lyons
|
0-0: Fly out, F7 (Flyball, 7LD, EV 93.8 MPH)
|
Bottom of the 7th over - 0 runs, 1 hit, 0 errors, 1 left on base; El Paso 5 - Round Rock 2 |
TOP OF THE 8TH |
El Paso Sun Kings batting - Pitching for Round Rock Express : RHP Richard Dotson
|
Batting: RHB Jon Hansen
|
0-0: Ball 1-0: Ball 2-0: Called Strike 2-1: Ball 3-1: Foul Ball, location: 2F 3-2: Strikes out swinging
|
Batting: RHB Michael Hanson
|
0-0: Ball 1-0: Swinging Strike 1-1: Foul Ball, location: 2F 1-2: Strikes out swinging
|
Batting: SHB Danny Torres
|
0-0: Swinging Strike 0-1: Called Strike 0-2: Ball 1-2: Foul Ball, location: 2F 1-2: Foul Ball, location: 2F 1-2: Strikes out swinging
|
Top of the 8th over - 0 runs, 0 hits, 0 errors, 0 left on base; El Paso 5 - Round Rock 2 |
BOTTOM OF THE 8TH |
Round Rock Express batting - Pitching for El Paso Sun Kings : RHP Grady Warren
|
Batting: LHB Luis Armijo
|
0-0: Ball 1-0: Foul Ball, location: 2F 1-1: Ball 2-1: Ball 3-1: Called Strike 3-2: Foul Ball, location: 2F 3-2: Base on Balls
|
Batting: RHB Alejandro Sanchez
|
0-0: Fielders Choice at 2nd, 6-4 (Groundball, 6MS, EV 86.9 MPH)
|
Batting: LHB Al Chambers
|
0-0: 2-RUN HOME RUN (Flyball, 9D, EV 101.3 MPH), Distance : 363 ft
|
Batting: LHB Dave Sanchez
|
0-0: Ball 1-0: Ball 2-0: Ball 3-0: Base on Balls
|
Batting: LHB James Jennings
|
0-0: Foul Ball, location: 2F 0-1: Ball 1-1: Ball 2-1: Foul Ball, location: 2F 2-2: DOUBLE (Line Drive, 9LM, EV 100.6 MPH) Dave Sanchez to third
|
Batting: RHB Martyn Maxwell
|
0-0: Called Strike 0-1: Ball 1-1: Ball 2-1: Ground out 4-3 (Groundball, 4MD, EV 106.3 MPH) Dave Sanchez scores James Jennings to third
|
Batting: RHB Mike Sodders
|
0-0: Called Strike 0-1: Ball 1-1: Ground out 4-3 (Groundball, 4MS, EV 80.6 MPH)
|
Bottom of the 8th over - 3 runs, 2 hits, 0 errors, 1 left on base; El Paso 5 - Round Rock 5 |
TOP OF THE 9TH |
El Paso Sun Kings batting - Pitching for Round Rock Express : RHP Richard Dotson
|
Pitching: LHP Ronald Wrobel
|
|
Batting: RHB Cecil Strawn
|
0-0: Ball 1-0: Ground out 6-3 (Groundball, 6, EV 78.8 MPH)
|
Batting: RHB Carlos Rios
|
0-0: Fly out, F7 (Flyball, 7, EV 89.4 MPH)
|
Pinch Hitting: SHB Keith Thrower
|
0-0: Called Strike 0-1: Ball 1-1: Called Strike 1-2: Ball 2-2: Ball 3-2: Foul Ball, location: 2F 3-2: Base on Balls
|
Batting: RHB Danny Ramires
|
0-0: Fly out, F8 (Flyball, 78D, EV 81.9 MPH)
|
Top of the 9th over - 0 runs, 0 hits, 0 errors, 1 left on base; El Paso 5 - Round Rock 5 |
BOTTOM OF THE 9TH |
Round Rock Express batting - Pitching for El Paso Sun Kings : RHP Grady Warren
|
Now at 1B: Gary Bishop
|
|
Batting: RHB George Gross
|
0-0: Called Strike 0-1: Ball 1-1: Ball 2-1: Swinging Strike 2-2: Ball 3-2: Ground out 6-3 (Groundball, 6, EV 83.1 MPH)
|
Pitching: LHP Michael Shoaf
|
|
Batting: LHB Steve Lyons
|
0-0: Ball 1-0: Foul Ball, location: 2F 1-1: Foul Ball, location: 2F 1-2: Ball 2-2: Strikes out swinging
|
Pinch Hitting: RHB Gerald Miller
|
0-0: Called Strike 0-1: Ball 1-1: Ball 2-1: Ball 3-1: Foul Ball, location: 2F 3-2: Foul Ball, location: 2F 3-2: Ground out 3-1 (Groundball, 34, EV 99.4 MPH)
|
Bottom of the 9th over - 0 runs, 0 hits, 0 errors, 0 left on base; El Paso 5 - Round Rock 5 |
TOP OF THE 10TH |
El Paso Sun Kings batting - Pitching for Round Rock Express : LHP Ronald Wrobel
|
Now in RF: Gerald Miller
|
|
Batting: RHB Chuckie Canady
|
0-0: Ball 1-0: Called Strike 1-1: Ball 2-1: Ball 3-1: Foul Ball, location: 2F 3-2: Fly out, F7 (Flyball, 7LD, EV 82.5 MPH)
|
Batting: RHB Jimmy Waugh
|
0-0: Ball 1-0: Foul Ball, location: 2F 1-1: DOUBLE (Line Drive, 89D, EV 102.5 MPH)
|
Batting: RHB Jon Hansen
|
0-0: Ball Jimmy Waugh steals 3rd base 1-0: Swinging Strike 1-1: 2-RUN HOME RUN (Flyball, 7LD, EV 110.0 MPH), Distance : 346 ft
|
Batting: RHB Michael Hanson
|
0-0: Ball 1-0: Ball 2-0: Ball 3-0: Base on Balls
|
Batting: SHB Danny Torres
|
0-0: Ball 1-0: DOUBLE (Line Drive, 78M, EV 108.8 MPH) Michael Hanson to third
|
Batting: RHB Cecil Strawn
|
0-0: Foul Ball, location: 2F 0-1: Ball 1-1: Foul Ball, location: 2F 1-2: Strikes out swinging
|
Batting: RHB Carlos Rios
|
0-0: Called Strike 0-1: Foul Ball, location: 2F 0-2: Ball 1-2: Ball 2-2: Foul Ball, location: 2F 2-2: Ground out 5-3 (Groundball, 56S, EV 88.8 MPH)
|
Top of the 10th over - 2 runs, 3 hits, 0 errors, 2 left on base; El Paso 7 - Round Rock 5 |
BOTTOM OF THE 10TH |
Round Rock Express batting - Pitching for El Paso Sun Kings : LHP Michael Shoaf
|
Pitching: RHP Dave Shipanoff
|
|
Now in LF: Stanley Hendrickson
|
|
Batting: RHB Alejandro Sanchez
|
0-0: Called Strike 0-1: Ball 1-1: Called Strike 1-2: Fly out, F6 (Popup, 6S, EV 62.5 MPH)
|
Batting: LHB Al Chambers
|
0-0: Ball 1-0: Ground out 5-3 (Groundball, 56, EV 86.3 MPH)
|
Batting: LHB Dave Sanchez
|
0-0: Called Strike 0-1: Swinging Strike 0-2: Foul Ball, location: 2F 0-2: Ball 1-2: Strikes out looking
|
Bottom of the 10th over - 0 runs, 0 hits, 0 errors, 0 left on base; El Paso 7 - Round Rock 5 |
|